 Dungeon Crawl Stone Soup version 0.28-a0-60-g54b5640690 (webtiles) character file.

Game seed: 716694193228792300

581 horus123 the Skirmisher (level 7, -10/55 HPs)
             Began as a Demonspawn Abyssal Knight on July 30, 2021.
             Was a Believer of Lugonu.
             Killed from afar by an acid dragon (13 damage)
             ... with a splash of acid
             ... on level 5 of the Dungeon.
             The game lasted 00:20:55 (4879 turns).

horus123 the Skirmisher (Demonspawn Abyssal Knight) Turns: 4879, Time: 00:20:56

Health: -10/55     AC: 12    Str: 13    XL:     7   Next: 13%
Magic:  6/10       EV:  6    Int: 13    God:    Lugonu [**....]
Gold:   109        SH:  0    Dex: 14    Spells: 6/6 levels left

rFire   . . .      SeeInvis .   a - +1 falchion (drain)
rCold   . . .      Faith    .   (no shield)
rNeg    . . .      Spirit   .   e - +0 chain mail
rPois   .          Reflect  .   n - +0 helmet
rElec   .          Harm     .   (no cloak)
rCorr   .          Rampage  .   (no gloves)
Will    .....                   (no boots)
Stlth   ..........              (no amulet)
HPRegen 0.18/turn               (no ring)
MPRegen 0.12/turn               (no ring)

@: no status effects
A: molten scales 1, foul stench 1, spiny 1
a: Renounce Religion, Depart the Abyss, Bend Space


You were on level 5 of the Dungeon.
You worshipped Lugonu.
Lugonu was pleased with you.
You visited 1 branch of the dungeon, and saw 5 of its levels.
You visited the Abyss 1 time.

You collected 151 gold pieces.
You spent 42 gold pieces at shops.

Inventory:

Hand Weapons
 a - a +1 falchion of draining (weapon)
 b - a +2 dagger of speed
 l - a +2 dagger of draining
 m - a +2 dagger of venom
Armour
 e - a +0 chain mail (worn)
 n - a +0 helmet (worn)
Scrolls
 d - a scroll of magic mapping
 f - 2 scrolls of fog
 g - 4 scrolls of teleportation
 i - a scroll of identify
 k - a scroll of amnesia
 o - a scroll of brand weapon
Potions
 h - a potion of attraction
 j - a potion of cancellation


   Skills:
 + Level 4.4 Fighting
 + Level 1.7(3.1) Short Blades
 + Level 3.9(4.1) Long Blades
 + Level 4.1 Armour
 + Level 1.5 Dodging
 + Level 0.5 Stealth
 + Level 4.0 Invocations


You had 6 spell levels left.
You didn't know any spells.
Your spell library contained the following spells:

 Spells                   Type           Power      Damage    Failure   Level
 Gell's Gravitas          Tloc           0%         N/A       100%        3
 Teleport Other           Tloc           0%         N/A       100%        3
 Dispersal                Tloc           0%         N/A       100%        6


Dungeon Overview and Level Annotations

Branches:
Dungeon (5/15)
 Temple: D:4-7

Altars:
Kikubaaqudgha
Ru
Wu Jian

Shops:
D:1 =[   D:3 !


Innate Abilities, Weirdness & Mutations

You are partially covered in molten scales. (AC +2)
You may rarely emit foul miasma when damaged in melee.
You are partially covered in sharp spines.


Message History

The water moccasin zombie bites you but does no damage.
You closely miss the water moccasin zombie.
The water moccasin zombie is struck by your spines.
The water moccasin zombie bites you but does no damage.
Your chain mail prevents you from hitting the water moccasin zombie.
The water moccasin zombie is lightly damaged.
The water moccasin zombie is struck by your spines.
The water moccasin zombie bites you but does no damage.
The water moccasin zombie is struck by your spines.
The water moccasin zombie bites you but does no damage.
You hit the water moccasin zombie.
The water moccasin zombie is heavily damaged.
The water moccasin zombie bites you.
You slash the water moccasin zombie!
The water moccasin zombie is severely damaged.
The water moccasin zombie is struck by your spines.
The water moccasin zombie bites you.
You slash the water moccasin zombie!
The water moccasin zombie is almost destroyed.
The water moccasin zombie is struck by your spines.
The water moccasin zombie bites you. The acid dragon spits acid at you.
The splash of acid hits you!
You are splashed with acid!
* * * LOW HITPOINT WARNING * * *
The water moccasin zombie bites you.
* * * LOW HITPOINT WARNING * * *
You hit the water moccasin zombie.
The water moccasin zombie is almost destroyed.
The water moccasin zombie is struck by your spines.
You destroy the water moccasin zombie!
Lugonu accepts your kill.
Your Invocations skill increases to level 4!
Space bends around you!
You blink.
Space bends around you!
You blink.
Space bends around you!
You blink.
Found a sacrificial altar of Ru.
Space bends around you!
You blink.
The acid dragon spits acid at you. The splash of acid hits you!
You die...

#####.........#####
+......D.[....#####
#####......###'...###
#......##D.$§...##
#.#'####...###...# ####
#.#.# #..##.##..##
...###.#.###...#§..#...#
...+...#...#..##...##..#
...#....####..#.@_..#..#
...#....# #$.#....D#..#
...#....#####.........###
#.......+...###.....###.#
........##..#.####### #.#
........#...#.......###'####
............#.####.........#
.........(.....#
#.........######
.......##...##.#
#...............


You could see an acid dragon (catching breath).

Vanquished Creatures
  A sky beast (D:5)
  A phantom (D:4)
  A water moccasin zombie (D:5)
  A water moccasin skeleton (D:4)
  A hound (D:5)
  A gnoll shaman (D:5)
  2 iguanas (D:4)
  An orc wizard (D:4)
  3 gnolls (D:5)
  7 adders
  An ufetubus (D:4)
  2 worms
  3 dart slugs
  4 orcs
  4 endoplasms
  2 giant cockroaches
  5 hobgoblins
  5 jackals
  4 quokkas
  7 ball pythons
  5 bats
  3 frilled lizards
  7 goblins
  8 kobolds
  A rat (D:1)
80 creatures vanquished.

Vanquished Creatures (others)
  4 plants (D:4)
4 creatures vanquished.

Grand Total: 84 creatures vanquished

Notes
Turn   | Place    | Note
-------+----------+-------------------------------------------
     0 | Abyss:1  | horus123 the Demonspawn Abyssal Knight began the quest for
                  | the Orb.
     0 | Abyss:1  | Reached XP level 1. HP: 18/18 MP: 2/2
    36 | Abyss:1  | Noticed a bone dragon
    49 | D:1      | Escaped the Abyss
   491 | D:1      | Found Asasos Jyn's Jewellery Shop.
   504 | D:1      | Reached * piety under Lugonu
   505 | D:1      | Gained mutation: You are partially covered in sharp spines.
                  | [demonic ancestry]
   505 | D:1      | Reached XP level 2. HP: 23/24 MP: 3/3
   679 | D:1      | Found Zep Upt's Armour Boutique.
   941 | D:1      | Reached skill level 1 in Dodging
  1157 | D:2      | Gained mutation: You may rarely emit foul miasma when
                  | damaged in melee. [demonic ancestry]
  1157 | D:2      | Reached XP level 3. HP: 23/29 MP: 5/5
  1562 | D:2      | Reached XP level 4. HP: 34/37 MP: 6/6
  2006 | D:2      | Found a faded altar of an unknown god.
  2285 | D:3      | Found Bekkyqud's Distillery.
  2301 | D:3      | Bought a potion of curing for 42 gold pieces
  2330 | D:3      | Reached ** piety under Lugonu
  3057 | D:4      | Found an ornate altar of the Wu Jian Council.
  3101 | D:4      | Noticed a phantom
  3116 | D:4      | Killed a phantom
  3117 | D:4      | Reached XP level 5. HP: 19/42 MP: 7/7
  3197 | D:4      | Reached skill level 1 in Short Blades
  3351 | D:4      | Gained mutation: You are partially covered in molten
                  | scales. (AC +2) [demonic ancestry]
  3351 | D:4      | Reached XP level 6. HP: 47/48 MP: 8/8
  3571 | D:4      | Found an ancient bone altar of Kikubaaqudgha.
  3882 | D:4      | Noticed a sky beast
  3900 | D:5      | Entered Level 5 of the Dungeon
  3906 | D:5      | Killed a sky beast
  4255 | D:5      | Reached XP level 7. HP: 55/55 MP: 9/9
  4869 | D:5      | Found a sacrificial altar of Ru.
  4879 | D:5      | Killed from afar by an acid dragon

Illustrated notes

Levels and vault maps discovered:
D:1:      amcnicky_arrival_gap_in_the_tavern_cellar, layout_rooms, serial_shops,
          nicolae_diamond_shop, nicolae_shop_waterfront, minmay_cut_off
D:2:      layout_loops_ring, hellmonk_ecumenical_altar_crossroads
D:3:      layout_basic, serial_shops, nicolae_shop_crystal
D:4:      layout_basic, nicolae_wu_jian_wuxing_cycle,
          nicolae_overflow_crystal_walls, serial_forest,
          infiniplex_forest_corner_1, infiniplex_forest_corner_1,
          infiniplex_forest_clump_large, infiniplex_forest_lined_corner,
          infiniplex_forest_fountain, infiniplex_forest_lined_3,
          infiniplex_forest_end_1, infiniplex_forest_clump_cross,
          infiniplex_forest_straight_2, serial_park_tiny_2
D:5:      layout_basic, mainiacjoe_overflow_two_lobes,
          minmay_temple_entry_glass, grunt_decor_clamped, serial_bayou_pond_e,
          uniq_blork_the_orc, uniq_pikel

Skill      XL: |  1  2  3  4  5  6  7 |
---------------+----------------------+-----
Long Blades    | 2 3 |  3.9
Dodging        | 1 |  1.5
Armour         | 2 3 4 |  4.1
Invocations    | 3 4 |  4.0
Fighting       | 4 |  4.4
Short Blades   | 1 |  1.7
Stealth        | |  0.5

Action                   |  1- 3 |  4- 6 |  7- 9 || total
-------------------------+-------+-------+-------++-------
Melee: Falchion          |    54 |    89 |    12 ||   155
       Dagger            |    27 |    36 |       ||    63
Invok: Depart the Abyss  |     1 |       |       ||     1
       Bend Space        |       |     5 |    13 ||    18
  Use: Scroll            |     2 |     7 |     1 ||    10
       Potion            |       |       |     3 ||     3
Armor: Chain mail        |    35 |    63 |     8 ||   106
       Leather armour    |     3 |       |       ||     3
Dodge: Dodged            |    26 |    25 |     4 ||    55
       Rpst.: Falchion   |     8 |     5 |       ||    13

Table legend: (Time is in decaauts)
 A = Elapsed time spent in this place.
 B = Non-inter-level travel time spent in this place.
 C = Inter-level travel time spent in this place.
 D = Time resting spent in this place.
 E = Time spent auto-exploring this place.
 F = Levels seen in this place.
 G = Mean time per level.
                   A        B        C        D        E       F      G
               +--------+--------+--------+--------+--------+-----+--------+
         Total |   4877 |   4812 |     65 |   1304 |   2543 |   6 |  812.8 |
       Dungeon |   4828 |   4763 |     65 |   1304 |   2508 |   5 |  965.6 |
         Abyss |     49 |     49 |      0 |      0 |     35 |   1 |   49.0 |
               +--------+--------+--------+--------+--------+-----+--------+

Top non-repeatable levels by time:
     D:2: 1191 daAuts
     D:1: 1031 daAuts
     D:5: 982 daAuts
     D:4: 903 daAuts
     D:3: 719 daAuts
 Abyss:1: 49 daAuts
